 Dungeon Crawl Stone Soup version 0.23-a0-558-g30802b1 (console) character file.

7621 Duffy the Blocker (level 11, -1/96 HPs)
             Began as a Naga Fighter on Dec 11, 2018.
             Was an Initiate of Gozag.
             Slain by an orc warrior (13 damage)
             ... in a bailey.
             The game lasted 00:20:37 (12714 turns).

Duffy the Blocker (Naga Fighter)                   Turns: 12714, Time: 00:20:38

Health: -1/96      AC: 13    Str: 21    XL:     11   Next: 18%
Magic:  14/14      EV:  4    Int:  9    God:    Gozag
Gold:   1463       SH: 12    Dex: 16    Spells: 10/10 levels left

rFire    . . .     SeeInvis +   a - +1 war axe
rCold    . . .     Gourm    .   o - +0 shield
rNeg     . . .     Faith    .   v - +0 plate armour
rPois    +         Spirit   .   (no helmet)
rElec    .         Reflect  .   (no cloak)
rCorr    .         Harm     .   y - +0 pair of gloves
MR       +....                  (no barding)
Stlth    ..........             h - amulet of rage
HPRegen  0.26/turn              j - +5 ring of dexterity
MPRegen  0.14/turn              (no ring)

@: studying 2 skills, very slow
A: large, see invisible, deformed body, poison resistance, slowness 2, slow
metabolism 1, spit poison 1, AC +3
a: Spit Poison, Potion Petition, Call Merchant, Bribe Branch, Renounce Religion,
Evoke Berserk Rage


You were in a bailey.
You worshipped Gozag.
Gozag was most pleased with you.
You were not hungry.

You visited 1 branch of the dungeon, and saw 9 of its levels.
You also visited: Sewer and Bailey.

You collected 1834 gold pieces.
You spent 343 gold pieces at shops.
You paid 28 gold pieces to Gozag.

Inventory:

Hand Weapons
 a - a +1 war axe (weapon)
 C - a +4 scimitar of flaming
 H - a +0 whip of venom
Missiles
 D - a throwing net (quivered)
 K - 188 bolts
Armour
 o - a +0 shield (worn)
 v - a +0 plate armour (worn)
 y - a +0 pair of gloves (worn)
 I - a cursed +0 crystal plate armour
Jewellery
 h - an amulet of rage (around neck)
 j - a +5 ring of dexterity (left hand)
Wands
 l - a wand of polymorph (9)
 u - a wand of random effects (3)
 A - a wand of iceblast (3)
Scrolls
 i - 6 scrolls of teleportation
 k - 2 scrolls of fog
 m - 6 scrolls of enchant weapon
 n - 2 scrolls of enchant armour
 p - 6 scrolls of remove curse
 t - a scroll of blinking
 z - a scroll of fear
 B - a scroll of immolation
 E - a scroll of magic mapping
 F - a scroll of identify
Potions
 c - a potion of resistance
 d - 2 potions of might
 e - 4 potions of agility
 g - 3 potions of flight
 q - a potion of ambrosia
 r - 4 potions of haste
 s - 4 potions of heal wounds
 w - 2 potions of curing
 x - a potion of berserk rage
 G - a potion of magic {unknown}
Books
 b - a manual of
Armour
 J - a manual of Fighting
Comestibles
 f - 12 rations


   Skills:
 + Level 5.4 Fighting
 * Level 8.2 Axes
 + Level 7.0 Armour
 - Level 9.5 Shields
 - Level 5.0 Evocations


You had 10 spell levels left.
You didn't know any spells.
Your spell library contained the following spells:

 Spells                   Type           Power        Failure   Level  Hunger
 Corona                   Hex            #......      100%        1    ##.....
 Ensorcelled Hibernation  Hex/Ice        #.....       100%        2    ###....
 Confuse                  Hex            #.......     100%        3    ####...
 Dazzling Spray           Conj/Hex       #.....       100%        3    ####...
 Tukima's Dance           Hex            #.......     100%        3    ####...


Dungeon Overview and Level Annotations

Branches:
Dungeon (9/15)             Temple (0/1) D:7
   Lair: D:8-11         Orc: D:9-12

Altars:
Cheibriados
Gozag
Nemelex Xobeh
Okawaru
Qazlal
Sif Muna
Trog
Xom

Shops:
D:7 ?

Annotations:
D:9 1 transporter, galech's ghost, novice DsFi


Innate Abilities, Weirdness & Mutations

You cannot wear boots.
Your serpentine skin is tough. (AC +3)
You have supernaturally acute eyesight. (SInv)
Armour fits poorly on your strangely shaped body.
Your system is resistant to poisons. (rPois)
You cover ground very slowly.
You have a slow metabolism.
You can spit poison.


Message History

The orc shoots a bolt.
You block the bolt.
You see here a bolt.
An orc warrior comes into view. It is wielding a +0 arbalest.
The orc warrior shouts!
The orc warrior shoots a bolt.
The bolt hits you!!
The orc shoots a bolt.
The bolt hits you.
The orc shoots a bolt.
The bolt hits you.
You see here 3 bolts.
The orc disappears!
The orc shoots a bolt.
You block the bolt.
The orc warrior shoots a bolt.
The bolt hits you!
The orc shoots a bolt.
You block the bolt.
You see here 2 bolts.
The orc warrior shoots a bolt.
The bolt hits you!
The orc shoots a bolt.
You block the bolt.
The orc shoots a bolt.
You block the bolt.
You see here 2 bolts.
The orc warrior shoots a bolt.
The bolt hits you!!
The orc shoots a bolt.
You block the bolt.
You see here a bolt.
The orc warrior unwields a +0 arbalest.
The orc warrior hits you!
You die...
Your body crumbles into a pile of gold.

################################
..............................\#
...............................#
...............................#
...............................#
...............................#
..[................((.((.......#
~~................(~~~~~(......#
#~~..............@~~#o#~~(.....#
##~.............oo~##.##~(.....#
..~...............~..^.o~......#
\#~...............~#\.##~(.....#
#~~......###......~~#.#~~(.....#
~~....#########....~~~~~.......#
.....##.....))##...............#
....##).#'#'#.)##...........(..#
....#..##.#)##..#..............#


You could see an orc warrior and an orc.

Vanquished Creatures
  Harold (D:7)
  Erica (D:7)
  An orc knight (Bailey)
  A cyclops (D:9)
  Joseph (D:9)
  A hornet (D:8)
  A hippogriff (D:7)
  Sigmund (D:6)
  A spriggan (D:7)
  2 humans (D:7)
  A naga (D:5)
  A water moccasin (D:8)
  Purgy (Sewer)
  2 ice beasts
  A sky beast (D:9)
  2 black bears
  3 ogres (D:7)
  11 orc warriors
  A centaur (D:6)
  5 bullfrogs
  2 gnoll sergeants
  A scorpion (D:5)
  4 crimson imps
  3 jellies
  A gnoll shaman (D:6)
  A centaur skeleton (D:9)
  6 hounds
  4 orc priests
  2 iguanas
  7 orc wizards
  Natasha (thrice) (D:3 D:2)
  7 worker ants
  A hound skeleton (D:7)
  2 worker ant zombies
  20 gnolls
  A howler monkey skeleton (D:5)
  9 adders
  A shadow imp (D:9)
  6 worms
  3 dart slugs
  5 leopard geckos
  33 orcs
  6 giant cockroaches
  12 goblins
  5 hobgoblins
  5 jackals
  4 quokkas
  A ball python (D:5)
  10 bats
  7 frilled lizards
  7 kobolds
  A leopard gecko skeleton (D:6)
  A quokka skeleton (D:2)
  11 rats
231 creatures vanquished.

Notes
Turn   | Place    | Note
-------+----------+-------------------------------------------
     0 | D:1      | Duffy the Naga Fighter began the quest for the Orb.
     0 | D:1      | Reached XP level 1. HP: 21/21 MP: 1/1
   126 | D:1      | Reached XP level 2. HP: 27/28 MP: 2/2
  1040 | D:2      | Reached XP level 3. HP: 33/34 MP: 3/3
  1042 | D:2      | Reached skill level 3 in Shields
  1480 | D:2      | Found an opulent altar of Gozag.
  1488 | D:2      | Became a worshipper of Gozag Ym Sagoz the Greedy
  1524 | D:2      | Found a stormy altar of Qazlal.
  1972 | D:2      | Reached XP level 4. HP: 41/42 MP: 4/4
  2495 | D:3      | Found a sparkling altar of Nemelex Xobeh.
  2596 | D:3      | Reached XP level 5. HP: 25/49 MP: 5/5
  2930 | D:3      | Found an iron altar of Okawaru.
  3011 | D:3      | HP: 3/73 [gnoll/+0 halberd (5)]
  3308 | D:3      | Noticed Natasha
  3323 | D:3      | Killed Natasha
  3323 | D:3      | Reached skill level 4 in Shields
  3483 | D:3      | Noticed Natasha
  3494 | D:3      | Killed Natasha
  3571 | D:3      | Noticed Natasha
  3616 | D:2      | Killed Natasha
  3616 | D:2      | Reached XP level 6. HP: 56/56 MP: 6/6
  3742 | D:4      | Noticed a phantom
  3895 | D:4      | Reached skill level 5 in Axes
  4049 | D:4      | Found a glowing drain.
  4073 | Sewer    | Entered a sewer
  4176 | Sewer    | Noticed Purgy
  4187 | Sewer    | Killed Purgy
  4187 | Sewer    | Reached skill level 5 in Shields
  4187 | Sewer    | Reached XP level 7. HP: 36/62 MP: 7/7
  5141 | D:5      | Entered Level 5 of the Dungeon
  5515 | D:5      | Noticed a naga
  5515 | D:5      | an ice beast changed into a naga
  5525 | D:5      | Killed a naga
  5525 | D:5      | Reached skill level 6 in Shields
  5525 | D:5      | Reached XP level 8. HP: 38/69 MP: 8/8
  5862 | D:5      | Found a deep blue altar of Sif Muna.
  6161 | D:6      | Found a snail-covered altar of Cheibriados.
  6565 | D:6      | Found a shimmering altar of Xom.
  6816 | D:6      | Noticed a moth of wrath
  6819 | D:6      | Found a bloodstained altar of Trog.
  7168 | D:6      | Noticed Sigmund
  7196 | D:6      | Killed Sigmund
  7196 | D:6      | Reached skill level 5 in Armour
  7462 | D:6      | Reached skill level 7 in Shields
  7462 | D:6      | Reached XP level 9. HP: 65/75 MP: 9/9
  7866 | D:7      | Found Zousyffi's Magic Scroll Shop.
  7904 | D:7      | Bought a scroll of identify for 26 gold pieces
  7904 | D:7      | Bought a scroll of identify for 26 gold pieces
  7904 | D:7      | Bought a scroll of identify for 26 gold pieces
  7904 | D:7      | Bought a scroll of fear for 45 gold pieces
  7904 | D:7      | Bought a scroll of fog for 26 gold pieces
  7904 | D:7      | Bought a scroll of enchant armour for 97 gold pieces
  7904 | D:7      | Bought a scroll of teleportation for 39 gold pieces
  7904 | D:7      | Bought a scroll of noise for 13 gold pieces
  7904 | D:7      | Bought a scroll of immolation for 45 gold pieces
  7976 | D:7      | Found an iron altar of Okawaru.
  8294 | D:7      | Reached skill level 1 in Evocations
  8824 | D:7      | Found a staircase to the Ecumenical Temple.
  9175 | D:7      | Reached skill level 8 in Shields
  9567 | D:8      | Noticed Harold
  9567 | D:8      | Noticed Erica
  9596 | D:7      | Killed Harold
  9596 | D:7      | Reached skill level 5 in Evocations
  9596 | D:7      | Reached XP level 10. HP: 23/84 MP: 11/13
 10180 | D:7      | Killed Erica
 10180 | D:7      | Reached skill level 9 in Shields
 11236 | D:9      | Noticed galech's ghost (novice DsFi)
 11237 | D:9      | Found a transporter.
 11286 | D:9      | Noticed Joseph
 11295 | D:9      | Killed Joseph
 11424 | D:9      | Noticed a cyclops
 11431 | D:9      | Killed a cyclops
 11523 | D:9      | Found a flagged portal.
 11529 | Bailey   | Entered a bailey
 11780 | Bailey   | Reached XP level 11. HP: 54/93 MP: 14/14
 11938 | Bailey   | Reached skill level 5 in Fighting
 12180 | Bailey   | Noticed an orc knight
 12185 | Bailey   | Killed an orc knight
 12714 | Bailey   | Slain by an orc warrior

Vault maps used:
D:1:      minmay_arrival_stair_chambers, serial_curves, eino_curves_04,
          eino_curves_02, minivault_14, roderic_lattice_a
D:2:      grunt_qazlal_clouds, grunt_gozag_breadcrumbs
D:3:      nemelex_altar_shiori, old_standard_altar, first_ration, uniq_natasha
D:4:      cheibrodos_sewer_entry_bend
D:5:      kennysheep_mini_moat
D:6:      tgw_trog, xom_butterflies, kennysheep_slug_shrine, uniq_sigmund
D:7:      temple_green, serial_shops, shop_scrolls, the_bakery, okawaru_humans
D:8:      chequers_serial_rivers_micro_b, uniq_harold, uniq_erica
D:9:      gammafunk_ghost_stat_death, enter_bailey_3, serial_bayou_ford_a,
          uniq_maurice, uniq_joseph
Sewer:    sewer_the_crocodile
Bailey:   bailey_polearm_2, bailey

Skill      XL: |  1  2  3  4  5  6  7  8  9 10 11 |
---------------+----------------------------------+-----
Shields        | 3 4 5 6 7 8 9 |  9.5
Axes           | 3 4 5 6 7 8 |  8.2
Armour         | 3 5 6 7 |  7.0
Evocations     | 5 |  5.0
Fighting       | 4 5 |  5.4

Action                   |  1- 3 |  4- 6 |  7- 9 | 10-12 || total
-------------------------+-------+-------+-------+-------++-------
Melee: War axe           |   112 |   132 |   132 |   257 ||   633
       Unarmed           |       |     2 |       |       ||     2
       Whip              |       |    42 |   292 |       ||   334
 Abil: Spit Poison       |       |     9 |     6 |     9 ||    24
       Evoke Berserk Rag |       |     2 |     2 |     3 ||     7
Evoke: Wand              |       |       |    12 |    18 ||    30
  Use: Scroll            |       |     6 |    10 |     1 ||    17
       Potion            |       |     1 |       |       ||     1
 Stab: Distracted        |       |       |     1 |       ||     1
  Eat: Chunk             |     1 |       |       |       ||     1
       Ration            |       |     3 |     5 |     3 ||    11
Armor: Scale mail        |    51 |    86 |       |       ||   137
       Plate armour      |       |       |   150 |   144 ||   294
Dodge: Dodged            |    37 |    48 |    37 |    46 ||   168
Block: Shield            |    65 |   119 |   187 |   215 ||   586

Table legend:
 A = Non-vault XP
 B = Vault XP
 C = Vault XP percentage of total XP
 D = Non-vault monster count
 E = Vault monster count
 F = Vault count percentage of total count
                 A         B        C        D         E       F
            +---------+---------+-------+---------+---------+-------
      Total |    5642 |    5246 |  48.2 |     185 |      46 |  19.9
            +---------+---------+-------+---------+---------+-------
        D:1 |      33 |       0 |   0.0 |      18 |       0 |   0.0
        D:2 |     119 |       0 |   0.0 |      27 |       0 |   0.0
        D:3 |     162 |      35 |  17.8 |      20 |       1 |   4.8
        D:4 |     348 |       5 |   1.4 |      16 |       1 |   5.9
        D:5 |     487 |       0 |   0.0 |      15 |       0 |   0.0
        D:6 |     795 |     244 |  23.5 |      30 |       7 |  18.9
        D:7 |    1791 |    2518 |  58.4 |      29 |       5 |  14.7
        D:8 |     762 |       0 |   0.0 |      12 |       0 |   0.0
        D:9 |    1145 |     481 |  29.6 |      18 |       5 |  21.7
      Sewer |       0 |     144 | 100.0 |       0 |       6 | 100.0
     Bailey |       0 |    1819 | 100.0 |       0 |      21 | 100.0
            +---------+---------+-------+---------+---------+-------
